AoeStats
← waLLefps.

Pilgrims

507327689Analyzed
2v2 RM · 14d ago on Sep 17, 2026· 36m 25s· 4 players
Game mode
Random Map
Map size
Medium (4 player)
Population
200
Speed
Normal
Resources
Standard
Victory
Conquest
Starting age
Dark Age
Ending age
Imperial Age
RankedLock teamsTeams togetherTeam positionsShared explorationLock speedFull tech treeHidden civsTurbo modeCheats
Victory
Defeat
🇺🇸 Bohemians · United States
1465
+18
🇩🇪 Sicilians · Germany
1426
+19
🇹🇷 Poles · Türkiye
1507
-18
🇹🇷 Turks · Türkiye
1501
-19
SylPags
7:07 Loom
9:52 Feudal Age
16:11 Fletching
20:01 Castle Age
19:52 Double-Bit Axe
19:47 Horse Collar
21:15 Medium Warships
21:01 Bodkin Arrow
23:38 Bow Saw
25:04 Heavy Plow
27:50 Redemption
30:31 Ballistics
32:30 Chemistry
31:46 Fishing Lines
34:04 Wheelbarrow
KingQP
5:09 Loom
10:25 Feudal Age
17:32 Castle Age
16:12 Double-Bit Axe
17:48 Bloodlines
18:09 Forging
17:50 Fletching
21:03 Scale Barding Armor
27:41 Bodkin Arrow
27:53 Gold Mining
28:18 Pikeman
30:22 Bow Saw
31:14 Scale Mail Armor
31:50 Iron Casting
33:07 Wheelbarrow
waLLefps.
4:31 Loom
12:23 Feudal Age
13:54 Double-Bit Axe
14:43 Forging
21:52 Horse Collar
24:42 Castle Age
23:17 Scale Barding Armor
25:51 Husbandry
26:13 Chain Barding Armor
26:14 Bloodlines
26:41 Iron Casting
32:09 Bow Saw
33:06 Heavy Plow
35:03 Szlachta Privileges
34:53 Light Cavalry
Tameryig1t
8:40 Loom
10:55 Feudal Age
14:31 Wheelbarrow
16:15 Castle Age
20:42 Double-Bit Axe
22:15 Fletching
28:20 Husbandry
28:56 Scale Barding Armor
30:56 Chain Barding Armor
31:12 Forging
39:19 Imperial Age
Connection lost

Rejoining the realm…

Still unreachable

The connection could not be restored.

Session expired

The server has moved on; the page needs a fresh start.